 Dungeon Crawl Stone Soup version 0.29.0-4-gdea44cf6ec (webtiles) character file.

Game seed: 17497411415764208215

392 qw the Chopper (level 6, -4/35 HPs)
             Began as a Tengu Warper on Aug 28, 2022.
             Killed by divine providence
             ... invoked by an orc priest
              (13 damage)
             ... on level 4 of the Dungeon.
             The game lasted 00:00:20 (2736 turns).

qw the Chopper (Tengu Warper)                       Turns: 2736, Time: 00:00:20

Health: -4/35      AC: 12    Str: 18    XL:     6   Next: 80%
Magic:  10/10      EV:  7    Int: 17    God:
Gold:   148        SH:  0    Dex: 19    Spells: 9/9 levels left

rFire   . . .      SeeInvis .   Y - +0 hand axe
rCold   . . .      Faith    .   (no shield)
rNeg    . . .      Spirit   .   d - +0 plate armour
rPois   +          Reflect  .   (helmet restricted)
rElec   .          Harm     .   q - +0 cloak
rCorr   .          Rampage  .   (no gloves)
Will    .....                   (boots unavailable)
Stlth   ..........              (no amulet)
HPRegen 0.11/turn               i - +6 ring of strength
MPRegen 0.12/turn               k - +6 ring of dexterity

@: flying quickly and evasively, quick
A: beak, talons 3, nimble flight, clever 1, poison resistance
a: no special abilities


You were on level 4 of the Dungeon.
You visited 1 branch of the dungeon, and saw 4 of its levels.

You collected 160 gold pieces.
You spent 12 gold pieces at shops.


Innate Abilities, Weirdness & Mutations

You have a beak for a mouth.
You have claws for feet.
Your magical nature lets you fly swiftly and evasively.
Your mind is acute. (Int +4, Str/Dex -1)
Your system is resistant to poisons. (rPois)


   Skills:
 + Level 2.0 Fighting
 - Level 7.0 Axes
 - Level 1.0 Throwing
 - Level 3.2 Armour
 - Level 2.1 Dodging
 - Level 2.0 Spellcasting
 - Level 2.4 Translocations


You had 9 spell levels left.
You didn't know any spells.
Your spell library contained the following spells:

 Spells                   Type           Power      Damage    Failure   Level
 Blink                    Tloc           18%        N/A       99%         2
 Gell's Gravitas          Tloc           9%         N/A       100%        3
 Lesser Beckoning         Tloc           9%         N/A       100%        3
 Teleport Other           Tloc           9%         N/A       100%        3
 Manifold Assault         Tloc           9%         N/A       100%        5

Inventory:

Hand Weapons
 h - the +11 mace "Killer Bee's Bane" {vorpal, rC+ Will++}
   (You found it on level 2 of the Dungeon)

   It inflicts extra damage upon your enemies.
   rC:        It protects you from cold.
   Will:      It greatly increases your willpower.
 Y - a +0 hand axe (weapon)
Armour
 d - a +0 plate armour (worn)
 l - a scarf of harm
 q - a +0 cloak (worn)
Jewellery
 i - a +6 ring of strength (left hand)
 k - a +6 ring of dexterity (right hand)
Scrolls
 b - a scroll of identify
Potions
 c - a potion of cancellation {unknown}
 e - a potion of berserk rage {unknown}
 f - 2 potions of mutation
 g - a potion of resistance {unknown}
 j - a potion of curing {unknown}
 n - a potion of might

Dungeon Overview and Level Annotations

Branches:
Dungeon (4/15)
 Temple: D:4-7

Altars:

Shops:
D:1 [(:(*   D:3 =


Message History

You hit the hobgoblin but do no damage. The hobgoblin barely misses you.
You hit the ogre.
You kill the ogre!
You hit the hobgoblin. The hobgoblin hits you.
Your Axes skill increases to level 7!
2684 ||| DRINKING potion of heal wounds.
You feel much better. The hobgoblin closely misses you.
You completely miss the hobgoblin. You claw the hobgoblin.
You kill the hobgoblin!
You start resting.
HP restored.
You see here a giant cockroach corpse.
Found a robe and a short sword.
An orc comes into view. It is wielding a +0 hand axe.
An orc priest comes into view. It is wielding a +0 hand axe.
Found 2 poisoned darts.
The orc hits you with a +0 hand axe.
You hit the orc but do no damage. The orc barely misses you.
You hit the orc but do no damage. The orc hits you with a +0 hand axe.
You hit the orc. You claw the orc, but do no damage.
The orc is lightly wounded.
The orc hits you with a +0 hand axe.
You completely miss the orc. Your kick misses the orc. You peck the orc.
You kill the orc!
You barely miss the orc priest.
The orc priest calls down the wrath of Beogh upon you.
Beogh smites you!
You hit the orc priest.
The orc priest is lightly wounded.
You hit the orc priest but do no damage.
You claw the orc priest. Your peck misses the orc priest.
The orc priest is lightly wounded.
The orc priest invokes the aid of Beogh against you.
Beogh smites you!
You die...

############
#############..........#
(...........#..........#
............)..........#
...)........%..........#
............#<.........#
............#..........#
...[........###....####
......o@....# ###....#
............# #....#
............# #....#
............# ##'###
....######### #...##
###. ###..## # ##...
####### .......


You could see an orc priest.

Vanquished Creatures
  A black bear (D:4)
  An ogre (D:4)
  A jelly (D:4)
  Jessica (D:2)
  6 adders
  3 gnolls (D:4)
  2 worms
  A dart slug (D:1)
  An orc (D:4)
  5 ball pythons
  5 bats
  3 endoplasms
  4 giant cockroaches
  7 hobgoblins
  5 kobolds
  3 quokkas
  3 frilled lizards (D:3)
  9 goblins
  4 rats
65 creatures vanquished.

Notes
Turn   | Place    | Note
-------+----------+-------------------------------------------
     0 | D:1      | qw the Tengu Warper began the quest for the Orb.
     0 | D:1      | Reached XP level 1. HP: 12/12 MP: 4/4
     0 | D:1      | 0 ||| qw: Version: 0.1-a-89-g26bdef1
     0 | D:1      | 0 ||| qw: Game counter: 2545
     0 | D:1      | 0 ||| qw: Always use a shield: true
     0 | D:1      | 0 ||| qw: God list: Okawaru
     0 | D:1      | 0 ||| qw: Allow faded altars: false
     0 | D:1      | 0 ||| qw: Do Orc after D:15 true
     0 | D:1      | 0 ||| qw: Do second Lair branch before Depths: true
     0 | D:1      | 0 ||| qw: Lair rune preference: random
     0 | D:1      | 0 ||| qw: Plans: Normal
     0 | D:1      | 0 ||| PLANNING D:1-11
   199 | D:1      | Reached skill level 3 in Axes
   199 | D:1      | Reached XP level 2. HP: 17/17 MP: 6/6
   305 | D:1      | Found Kabiudar's Book Emporium.
   324 | D:1      | Found Donwousoa's Antique Weapon Shop.
   340 | D:1      | 340 ||| SHOPLISTING glowing war axe (117 gold, have 17).
   340 | D:1      | 340 ||| SHOPLISTING runed mace (108 gold, have 17).
   381 | D:1      | Found Xukimun's Assorted Antiques.
   390 | D:1      | 390 ||| SHOPLISTING 2 puce potions (37 gold, have 17).
   390 | D:1      | 390 ||| SHOPLISTING embroidered scarf (168 gold, have 17).
   390 | D:1      | 390 ||| SHOPLISTING glowing hat (147 gold, have 17).
   390 | D:1      | 390 ||| SHOPLISTING purple potion (18 gold, have 17).
   390 | D:1      | 390 ||| SHOPLISTING scroll labelled GEGEKE JAYGRAPP (21
                  | gold, have 17).
   390 | D:1      | 390 ||| SHOPLISTING small brass amulet (105 gold, have 17).
   400 | D:1      | Found a faded altar of an unknown god.
   446 | D:1      | Found Qibafaqe's Weapon Shoppe.
   454 | D:1      | 454 ||| BUYING +0 club (12 gold).
   454 | D:1      | Bought a +0 club for 12 gold pieces
   454 | D:1      | 454 ||| SHOPLISTING +0 flail (42 gold, have 12).
   454 | D:1      | 454 ||| SHOPLISTING +0 mace (36 gold, have 12).
   454 | D:1      | 454 ||| SHOPLISTING +0 whip (30 gold, have 12).
   523 | D:1      | Found Ehuuf's Antique Armour Shoppe.
   728 | D:1      | 728 ||| UPGRADING to +0 plate armour.
   738 | D:1      | 738 ||| DROPPING +0 leather armour.
   739 | D:1      | 739 ||| DROPPING +0 ring mail.
   740 | D:1      | 740 ||| UPGRADING to +0 cloak.
   745 | D:1      | 745 ||| DROPPING amulet of faith.
   746 | D:1      | 746 ||| READING scroll labelled YJUWOE REKUE.
   747 | D:1      | 747 ||| READING scroll labelled ICWEJO OWKOU.
   748 | D:1      | 748 ||| READING scroll labelled RUESE LESUHIJI.
   749 | D:1      | 749 ||| READING scroll labelled IGITITOXZE.
   753 | D:1      | 753 ||| READING scroll labelled GEGEKE JAYGRAPP.
   754 | D:1      | 754 ||| READING scroll labelled GISHIE AMILAOL.
   755 | D:1      | 755 ||| DROPPING scroll of blinking.
   864 | D:2      | Noticed Jessica
   865 | D:2      | 865 ||| Stepping ~*~*~tactically~*~*~ (hiding).
   870 | D:2      | Reached skill level 4 in Axes
   870 | D:2      | Reached XP level 3. HP: 20/21 MP: 7/7
   874 | D:2      | Killed Jessica
   875 | D:2      | Reached XP level 4. HP: 26/26 MP: 8/8
  1026 | D:2      | 1026 ||| DROPPING +0 club.
  1217 | D:2      | Identified the +11 mace "Killer Bee's Bane" {vorpal, rC+
                  | Will++}
  1219 | D:2      | 1219 ||| DROPPING +0 whip.
  1433 | D:2      | 1433 ||| UPGRADING to +6 ring of strength.
  1434 | D:2      | 1434 ||| READING scroll labelled VOIGES XEGOVIT.
  1435 | D:2      | 1435 ||| DRINKING 3 murky brown potions.
  1435 | D:2      | Gained mutation: Your system is resistant to poisons.
                  | (rPois) [potion of mutation]
  1435 | D:2      | Gained mutation: Your mind is acute. (Int +4, Str/Dex -1)
                  | [potion of mutation]
  1646 | D:3      | 1646 ||| Stepping ~*~*~tactically~*~*~ (stealth).
  1737 | D:3      | Found Woirchauh's Jewellery Shop.
  1746 | D:3      | 1746 ||| SHOPLISTING +4 ring of protection (504 gold, have
                  | 109).
  1746 | D:3      | 1746 ||| SHOPLISTING amulet of guardian spirit (420 gold,
                  | have 109).
  1746 | D:3      | 1746 ||| SHOPLISTING ring of fire (350 gold, have 109).
  1746 | D:3      | 1746 ||| SHOPLISTING ring of see invisible (210 gold, have
                  | 109).
  2082 | D:3      | Reached skill level 5 in Axes
  2179 | D:3      | 2179 ||| DROPPING orb of wrath.
  2180 | D:3      | 2180 ||| UPGRADING to +6 ring of dexterity.
  2181 | D:3      | 2181 ||| DRINKING 2 green potions.
  2182 | D:3      | 2182 ||| DRINKING 2 purple potions.
  2183 | D:3      | 2183 ||| DRINKING 2 bubbling puce potions.
  2184 | D:3      | 2184 ||| READING 2 scrolls of identify.
  2184 | D:3      | 2184 ||| IDENTIFYING metallic purple potion
  2185 | D:3      | 2185 ||| DROPPING potion of ambrosia.
  2186 | D:3      | 2186 ||| DROPPING potion of attraction.
  2204 | D:4      | Gained mutation: Your magical nature lets you fly swiftly
                  | and evasively. [Tengu growth]
  2204 | D:4      | Reached XP level 5. HP: 29/30 MP: 9/9
  2240 | D:4      | Noticed a black bear
  2252 | D:4      | Killed a black bear
  2253 | D:4      | Reached skill level 6 in Axes
  2253 | D:4      | Reached XP level 6. HP: 21/35 MP: 10/10
  2499 | D:4      | 2499 ||| Stepping ~*~*~tactically~*~*~ (stealth).
  2601 | D:4      | Reached skill level 3 in Armour
  2683 | D:4      | HP: 7/35 [hobgoblin (4)]
  2684 | D:4      | Reached skill level 7 in Axes
  2684 | D:4      | 2684 ||| DRINKING potion of heal wounds.
  2736 | D:4      | Killed from afar by an orc priest

Levels and vault maps discovered:
D:1:      dpeg_arrival_morbid_curiosity, layout_rooms, serial_shops,
          nicolae_shop_statue_plus, shop, shop, nicolae_shop_statue_plus,
          nicolae_shop_temple_entry_statues_fountains,
          hellmonk_ecumenical_altar_crossroads, minivault_11
D:2:      layout_loops_ring, minmay_cut_off, uniq_jessica
D:3:      layout_rooms, serial_shops, shop
D:4:      layout_basic, gammafunk_temple_overflow_statue

Skill      XL: |  1  2  3  4  5  6 |
---------------+-------------------+-----
Axes           | 3 4 5 6 7 |  7.0
Armour         | 2 3 |  3.2
Fighting       | |  2.0
Throwing       | |  1.0
Dodging        | |  2.1
Spellcasting   | |  2.0
Translocations | |  2.4

Action                   |  1- 3 |  4- 6 || total
-------------------------+-------+-------++-------
Melee: Hand axe          |    28 |   101 ||   129
       Kick              |     4 |    28 ||    32
       Peck              |     2 |    14 ||    16
Throw: Boomerang         |     7 |       ||     7
       Javelin           |     6 |    25 ||    31
  Use: Scroll            |     6 |     2 ||     8
       Potion            |       |     5 ||     5
Armor: Leather armour    |     4 |       ||     4
       Plate armour      |     3 |    49 ||    52
Dodge: Dodged            |    10 |    23 ||    33

Table legend:
 A = Non-vault XP
 B = Vault XP
 C = Vault XP percentage of total XP
 D = Non-vault monster count
 E = Vault monster count
 F = Vault count percentage of total count
                 A         B        C        D         E       F
            +---------+---------+-------+---------+---------+-------
      Total |     510 |      50 |   8.9 |      57 |       8 |  12.3
            +---------+---------+-------+---------+---------+-------
        D:1 |      23 |       8 |  25.8 |      11 |       4 |  26.7
        D:2 |      52 |      42 |  44.7 |      15 |       4 |  21.1
        D:3 |      38 |       0 |   0.0 |      16 |       0 |   0.0
        D:4 |     397 |       0 |   0.0 |      15 |       0 |   0.0
            +---------+---------+-------+---------+---------+-------
